 Dungeon Crawl Stone Soup version 0.30-a0-883-g5ad918d77d (webtiles) character file.

Game seed: 17481313982281260642

451 Pimp the Firebug (level 6, 0/44 HPs)
             Began as a Demonspawn Fire Elementalist on Mar 16, 2023.
             Slain by a gnoll bouda
             ... wielding a +0 whip
              (8 damage)
             ... on level 4 of the Dungeon.
             The game lasted 00:09:14 (2948 turns).

Pimp the Firebug (Demonspawn Fire Elementalist)     Turns: 2948, Time: 00:09:15

Health: 0/44       AC:  6    Str:  8 (10) XL:     6   Next: 75%
Magic:  19/19      EV: 12    Int: 13      God:
Gold:   233        SH:  0    Dex: 13      Spells: 10/11 levels left

rFire   . . .      SeeInvis +    f - +0 broad axe (flame)
rCold   . . .      Faith    .    (no shield)
rNeg    . . .      Spirit   .    h - +0 leather armour "Vozem" {Rampage MP+9 Int-4 SInv}
rPois   .          Reflect  .    (no helmet)
rElec   .          Rampage  +    (no cloak)
rCorr   .                        (no gloves)
Will    .....                    (no boots)
Stlth   ++                       g - amulet of regeneration
HPRegen 1.07/turn                (no ring)
MPRegen 0.16/turn                (no ring)

@: about to teleport, weakened
A: thin metallic scales 2
a: no special abilities


You were on level 4 of the Dungeon.
You visited 1 branch of the dungeon, and saw 6 of its levels.

You collected 233 gold pieces.

Inventory:

Hand Weapons
 c - a +0 war axe
 f - a +0 broad axe of flaming (weapon)
Missiles
 n - 5 javelins (quivered)
Armour
 a - a +0 robe
 h - the +0 leather armour "Vozem" (worn) {Rampage MP+9 Int-4 SInv}
   (You found it on level 2 of the Dungeon)

   Int:       It affects your intelligence (-4).
   MP:        It affects your magic capacity (+9).
   SInv:      It lets you see invisible.
   Rampage:   It bestows one free step when moving towards enemies.
Jewellery
 g - an amulet of regeneration (around neck)
 i - a ring of flight
Scrolls
 d - a scroll of poison
 e - 3 scrolls of noise
 k - 2 scrolls of identify
Potions
 b - a potion of magic
 l - a potion of mutation {unknown}


   Skills:
 + Level 2.2 Fighting
 + Level 2.0 Axes
 + Level 3.0 Dodging
 + Level 3.2 Stealth
 + Level 3.1 Spellcasting
 + Level 2.7 Conjurations
 + Level 3.5 Fire Magic


You had 10 spell levels left.
You knew the following spells:

 Your Spells              Type           Power      Damage    Failure   Level
a - Foxfire               Conj/Fire      40%        2x1d6     9%          1

Your spell library contained the following spells:

 Spells                   Type           Power      Damage    Failure   Level
 Scorch                   Fire           22%        2d6       12%         2
 Inner Flame              Hex/Fire       6%         N/A       43%         3
 Kindle Blastsparks       Fire/Tloc/Air  10%        2d10      52%         3
 Flame Wave               Conj/Fire      10%        2d6       65%         4
 Conjure Ball Lightning   Conj/Air       2%         3x3d6     100%        6
 Discord                  Hex            1%         N/A       100%        8
 Disjunction              Tloc           1%         N/A       100%        8


Dungeon Overview and Level Annotations

Branches:
Dungeon (6/15)
 Temple: D:4-7

Altars:
Ashenzari
Trog
Yredelemnul

Shops:
D:1 *   D:3 (


Innate Abilities, Weirdness & Mutations

You are mostly covered in thin metallic scales. (AC +3)


Message History

The gnoll is moderately wounded.
The foxfire hits the gnoll but does no damage.
The gnoll is moderately wounded.
Casting: Foxfire (safe; 9% risk of failure)
Confirm with . or Enter, or press ? or * to list all spells.
You conjure some foxfire!
The gnoll bouda barks out a call to the hunt!
The gnolls pick up the pace!
The gnoll attacks as you move away!
The gnoll hits you with a +3 whip of electrocution.
You are electrocuted!
The foxfire hits the gnoll but does no damage.
The gnoll is moderately wounded.
The foxfire hits the gnoll.
The gnoll is severely wounded.
The gnoll hits you with a +3 whip of electrocution!
The gnoll attacks as you move away! The gnoll misses you.
The gnoll attacks as you move away! The gnoll misses you.
You closely miss the gnoll. The gnoll hits you with a +0 whip.
The gnoll hits you but does no damage.
You barely miss the gnoll. The gnoll hits you but does no damage.
As you read the scroll labelled YCIYL JIAWYXI, it crumbles to dust.
The creatures around you are filled with an inner flame!
It was a scroll of immolation.
The gnoll hits you with a +0 whip. The gnoll hits you but does no damage.
As you read the scroll of teleportation, it crumbles to dust.
You feel strangely unstable. The gnoll hits you with a +0 whip.
* * * LOW HITPOINT WARNING * * *
The gnoll hits you but does no damage.
The gnoll bouda gazes fiercely through you!
You feel your attacks grow feeble.
As you read the scroll labelled JOUT UHADWYF, it crumbles to dust.
It is a scroll of brand weapon.
Your +0 broad axe is engulfed in flames!
f - a +0 broad axe of flaming (weapon)
The gnoll hits you but does no damage.
The gnoll hits you from afar with a +0 spear.
* * * LOW HITPOINT WARNING * * *
The gnoll bouda hits you with a +0 whip!
You die...

#..##..###..........
..#..........#........
......g...............
........!###.#........
###..##g.# #.##.##...#
#.. #g.###.##.##...#
#.. #.........##...#
#.g##g.............#
#..@gg.............#
#..##g..#####.......
#.. #...# ####.###
#.......# .# #
#.......# # #
#####.... #...## ...#


You could see a gnoll bouda (inner flame) and 4 gnolls.

Vanquished Creatures
  Sigmund (D:3)
  An orc priest (D:3)
  Natasha (thrice) (D:3)
  2 orc wizards (D:3)
  5 adders
  An ufetubus (D:4)
  A worm (D:2)
  3 dart slugs (D:1)
  9 orcs
  2 endoplasms
  3 giant cockroaches
  9 goblins
  8 hobgoblins
  6 kobolds
  2 quokkas (D:1)
  2 ball pythons
  2 frilled lizards (D:1)
  5 rats
65 creatures vanquished.

Vanquished Creatures (others)
  45 foxfires
45 creatures vanquished.

Grand Total: 110 creatures vanquished

Notes
Turn   | Place    | Note
-------+----------+-------------------------------------------
     0 | D:1      | Pimp the Demonspawn Fire Elementalist began the quest for
                  | the Orb.
     0 | D:1      | Reached XP level 1. HP: 13/13 MP: 3/3
   242 | D:1      | Gained mutation: You are partially covered in thin metallic
                  | scales. (AC +2) [demonic ancestry]
   242 | D:1      | Reached XP level 2. HP: 8/19 MP: 5/5
   718 | D:1      | Found Segownih's General Store.
   725 | D:1      | Reached XP level 3. HP: 20/25 MP: 6/6
   939 | D:2      | Identified the +0 leather armour "Vozem" {Rampage MP+9
                  | Int-4 SInv}
   946 | D:2      | Found a broken altar of Ashenzari.
  1881 | D:3      | Noticed Sigmund
  1894 | D:3      | Found a bloodstained altar of Trog.
  1919 | D:3      | Reached XP level 4. HP: 31/31 MP: 7/7
  1930 | D:3      | Reached skill level 1 in Fighting
  1970 | D:3      | You fall into a shaft and drop 3 floors!
  1974 | D:5      | Entered Level 5 of the Dungeon
  1996 | D:5      | Found a basalt altar of Yredelemnul.
  2021 | D:5      | Noticed an ogre
  2040 | D:3      | Reached skill level 1 in Axes
  2068 | D:3      | Noticed Natasha
  2074 | D:3      | Killed Natasha
  2154 | D:3      | Gained mutation: You are mostly covered in thin metallic
                  | scales. (AC +3) [demonic ancestry]
  2154 | D:3      | Reached XP level 5. HP: 16/37 MP: 8/8
  2252 | D:3      | Noticed Natasha
  2263 | D:3      | Killed Natasha
  2294 | D:3      | Killed Sigmund
  2295 | D:3      | Reached XP level 6. HP: 44/44 MP: 10/10
  2346 | D:3      | Found Zuklour's Weapon Boutique.
  2543 | D:3      | Noticed Natasha
  2566 | D:3      | Killed Natasha
  2948 | D:4      | Slain by a gnoll bouda

Illustrated notes

Levels and vault maps discovered:
D:1:      minmay_arrival_jagged, layout_rooms, serial_shops,
          nicolae_diamond_shop, minmay_tripent
D:2:      layout_basic, basic_altar, minmay_fractal_squares_gapless_5
D:3:      layout_loops_ring, trog_antimagical, serial_shops,
          nicolae_shop_bloodbath_and_beyond, grunt_ministairs_13,
          kennysheep_generic_room_5, uniq_natasha, uniq_sigmund
D:4:      minmay_clustersquares, layout_basic, hex_medium
D:5:      layout_cave_pools, okawaru_trees_2, amcnicky_altar_gilded,
          minmay_crossroads, uniq_ijyb, uniq_grinder
D:6:      layout_cave_pools, minmay_temple_entry_tees, enter_ossuary_2,
          kennysheep_cross_bottleneck, uniq_blork_the_orc,
          uniq_crazy_yiuf_cottage, uniq_prince_ribbit1, uniq_edmund,
          uniq_menkaure

Skill      XL: |  1  2  3  4  5  6 |
---------------+-------------------+-----
Stealth        | 2 3 |  3.2
Dodging        | 2 3 |  3.0
Fire Magic     | 3 |  3.5
Fighting       | 1 2 |  2.2
Axes           | 1 2 |  2.0
Conjurations   | 2 |  2.7
Spellcasting   | 3 |  3.1

Action                     |  1- 3 |  4- 6 || total
---------------------------+-------+-------++-------
  Melee: War axe           |    23 |       ||    23
         Unarmed           |     1 |       ||     1
         Broad axe         |    79 |   112 ||   191
         Punch             |       |     2 ||     2
  Throw: Javelin           |       |     5 ||     5
   Cast: Foxfire           |     8 |    22 ||    30
    Use: Scroll            |     7 |     3 ||    10
         Potion            |     1 |     2 ||     3
   Stab: Sleeping          |       |     2 ||     2
 Armour: Robe              |    23 |       ||    23
         Leather armour    |     9 |    64 ||    73
  Dodge: Dodged            |    86 |   123 ||   209

Table legend: (Time is in decaauts)
 A = Elapsed time spent in this place.
 B = Non-inter-level travel time spent in this place.
 C = Inter-level travel time spent in this place.
 D = Time resting spent in this place.
 E = Time spent auto-exploring this place.
 F = Levels seen in this place.
 G = Mean time per level.
                   A        B        C        D        E       F      G
               +--------+--------+--------+--------+--------+-----+--------+
         Total |   3065 |   2942 |    123 |    566 |   1567 |   6 |  510.8 |
       Dungeon |   3065 |   2942 |    123 |    566 |   1567 |   6 |  510.8 |
               +--------+--------+--------+--------+--------+-----+--------+

Top non-repeatable levels by time:
     D:3: 1018 daAuts
     D:2: 965 daAuts
     D:1: 936 daAuts
     D:4: 84 daAuts
     D:5: 56 daAuts
     D:6: 3 daAuts
